 Dungeon Crawl Stone Soup version 0.26-a0-489-g112e8ad (webtiles) character file.

Game seed: 12797489692374662145

41596 robertstho the Unseen (level 14, -2/90 HPs)
             Began as a Kobold Delver on July 31, 2020.
             Was the Champion of Dithmenos.
             Killed from afar by an electric eel (14 damage)
             ... with a bolt of electricity
             ... on level 6 of the Lair of Beasts on Aug 3, 2020.
             The game lasted 00:38:07 (23160 turns).

robertstho the Unseen (Kobold Delver)              Turns: 23160, Time: 00:38:08

Health: -2/90      AC: 39    Str: 14    XL:     14   Next: 50%
Magic:  19/19      EV:  6    Int: 11    God:    Dithmenos [******]
Gold:   2668       SH:  5    Dex: 17    Spells: 13/13 levels left

rFire    + . .     SeeInvis +   i - +4 dagger (venom)
rCold    x . .     Faith    .   (shield restricted)
rNeg     . . .     Spirit   .   N - +9 crystal plate armour of Zoukejat {rF+ rC- Slay+2}
rPois    +         Reflect  +   O - +0 helmet {SInv}
rElec    .         Harm     .   F - +2 cloak {rCorr}
rCorr    +                      H - +0 pair of gloves
MR       +....                  D - +0 pair of boots
Stlth    ..........             I - amulet of reflection
HPRegen  0.25/turn              M - ring of poison resistance
MPRegen  0.16/turn              P - +4 ring of protection

@: stab, wreathed by umbra, very slow
A: small, nightstalker 3
a: Shadow Step, Shadow Form, Renounce Religion


You were on level 6 of the Lair of Beasts.
You worshipped Dithmenos.
Dithmenos was exalted by your worship.
You visited 3 branches of the dungeon, and saw 18 of its levels.
You also visited: Ossuary and Volcano.

You collected 3247 gold pieces.
You spent 579 gold pieces at shops.

Inventory:

Hand Weapons
 i - a +4 dagger of venom (weapon)
 t - a +0 falchion of holy wrath
 U - a +0 hand crossbow
 W - the +10 long sword "Ippyshao" {freeze, rF+ MR- Str+6}
   (You found it on level 3 of the Lair of Beasts)

   It has been specially enchanted to freeze those struck by it, causing extra
   injury to most foes and up to half again as much damage against particularly
   susceptible opponents.
   It can also slow down cold-blooded creatures.
   It affects your strength (+6).
   It protects you from fire.
   It affects your resistance to hostile enchantments.
Missiles
 h - 82 poisoned darts
 n - 40 bolts
 R - 5 curare-tipped darts (quivered)
 S - a boomerang of dispersal
Armour
 v - a +2 troll leather armour {Snorg}
 D - a +0 pair of boots (worn)
 F - a +2 cloak of preservation (worn)
 H - a +0 pair of gloves (worn)
 N - the +9 crystal plate armour of Zoukejat (worn) {rF+ rC- Slay+2}
   (You acquired it on level 9 of the Dungeon)

   It affects your accuracy and damage with ranged weapons and melee attacks
   (+2).
   It protects you from fire.
   It makes you vulnerable to cold.
 O - a +0 helmet of see invisible (worn)
Jewellery
 y - an uncursed ring of fire
 C - an uncursed ring of positive energy
 I - an amulet of reflection (around neck)
 J - an uncursed ring of resist corrosion
 K - an uncursed ring of ice
 L - an uncursed ring of positive energy
 M - a ring of poison resistance (left hand)
 P - a +4 ring of protection (right hand)
Wands
 g - a wand of digging (5)
 s - a wand of polymorph (4)
 A - a wand of iceblast (28)
 E - a wand of acid (9)
Scrolls
 a - a scroll of brand weapon {unknown}
 b - 5 scrolls of blinking
 c - 3 scrolls of fog
 d - 10 scrolls of teleportation
 e - 4 scrolls of fear
 k - 4 scrolls of immolation
 l - 10 scrolls of enchant armour
 m - 9 scrolls of remove curse
 o - a scroll of magic mapping
 q - 2 scrolls of random uselessness {unknown}
 u - 2 scrolls of amnesia {unknown}
 B - a scroll of summoning {unknown}
 Q - a scroll of vulnerability {unknown}
Potions
 f - 5 potions of haste
 j - a potion of mutation
 p - 2 potions of cancellation
 r - 7 potions of curing
 w - 3 potions of invisibility
 x - 4 potions of ambrosia
 z - 4 potions of berserk rage
 G - 3 potions of flight
 T - a potion of experience {unknown}
 V - 2 potions of stabbing
 X - 3 potions of heal wounds
 Y - a potion of might
 Z - 2 potions of resistance


   Skills:
 * Level 11.2 Fighting
 + Level 9.7(10.8) Short Blades
 + Level 4.8(6.3) Long Blades
 * Level 10.7 Crossbows
 * Level 8.5 Armour
 * Level 10.4 Dodging
 * Level 15.3 Stealth
 * Level 7.8 Invocations
 + Level 0.1 Evocations


You had 13 spell levels left.
You didn't know any spells.
Your spell library contained the following spells:

 Spells                   Type           Power        Failure   Level
 Beastly Appendage        Tmut           #.....       100%        1
 Foxfire                  Conj/Fire      #...         100%        1
 Wereblood                Tmut           #.......     100%        2
 Conjure Flame            Conj/Fire      #.......     100%        3
 Inner Flame              Hex/Fire       #.......     100%        3
 Spider Form              Tmut/Pois      #.........   100%        3
 Cause Fear               Hex            #.........   100%        4
 Ice Form                 Ice/Tmut       #.......     100%        4
 Sticky Flame             Conj/Fire      #.......     100%        4
 Blade Hands              Tmut           #.........   100%        5
 Fireball                 Conj/Fire      #.........   100%        5
 Silence                  Hex/Air        #.........   100%        5
 Yara's Violent Unravell  Hex/Tmut       #.........   100%        5
 Discord                  Hex            #.........   100%        8


Dungeon Overview and Level Annotations

Branches:
Dungeon (11/15)            Temple (1/1) D:5            Lair (6/6) D:10
  Swamp (0/4) Lair:4        Snake (0/4) Lair:2        Slime (0/5) Lair:5
    Orc (0/2) D:11        Ossuary (visited)         Volcano (visited)

Altars:
Ashenzari
Cheibriados
Dithmenos
Elyvilon
Fedhas
Gozag
Hepliaklqana
Kikubaaqudgha
Makhleb
Nemelex Xobeh
Okawaru
Qazlal
Ru
Sif Muna
Trog
Uskayaw
Vehumet
Wu Jian
Xom
Yredelemnul
Zin
The Shining One

Shops:
D:4 !   D:9 [   D:11 *

Annotations:
Lair:2 exclusion: oklob plant
Lair:4 2 transporters


Innate Abilities, Weirdness & Mutations

You are small and have problems with some larger weapons.
You are completely attuned to the shadows.


Message History

You hit the death yak.
The death yak looks as sick as possible!
The death yak is heavily wounded.
Your shadow hits the death yak but does no damage.
The death yak gores you but does no damage.
You hit the death yak.
The death yak is heavily wounded.
The death yak gores you!
* * * LOW HITPOINT WARNING * * *
The death yak gores you but does no damage.
You block the death yak's attack.
You feel better.
Your surroundings suddenly seem different.
Splash!
You fall into the shallow water.
Moving in this stuff is going to be slow.
An electric eel comes into view.
The electric eel shoots out a bolt of lightning at you!
The bolt of electricity hits you!
You die...

≈≈≈≈♣♣ ♣.
≈≈P≈P≈♣..
≈≈≈≈≈♣≈.
≈≈≈≈≈≈♣
≈≈≈≈@♣
≈≈≈≈≈♣
≈≈≈≈≈≈
≈≈;≈≈≈P
≈≈≈≈≈♣♣#


You could see an electric eel.

Vanquished Creatures
  A red draconian (Volcano)
  Snorg (Lair:3)
  3 hydras
  A two-headed ogre (D:11)
  A death yak (Lair:6)
  Urug (Lair:5)
  A salamander mystic (Volcano)
  An unseen horror (D:10)
  Pikel (D:5)
  An orc sorcerer (D:11)
  2 ugly things (D:11)
  14 elephants
  6 salamanders (Volcano)
  2 centaur zombies
  7 black mambas
  7 cane toads
  A rime drake (Lair:5)
  7 komodo dragons
  A polar bear (Lair:4)
  A hornet (D:9)
  Grinder (D:3)
  12 blink frogs
  9 hippogriffs
  A shadow (D:11)
  Sigmund (D:2)
  38 yaks
  A wyvern (Lair:3)
  A wraith (D:11)
  2 basilisks (Lair:2)
  Menkaure (Ossuary)
  3 wargs (D:10)
  15 water moccasins
  4 porcupines
  A sky beast (D:7)
  6 ogres
  6 ice beasts
  3 orc warriors
  A black bear (D:8)
  5 phantoms
  4 wolves (Lair:5)
  3 centaurs
  4 crocodiles
  2 lemures (D:5)
  3 big kobolds
  15 bullfrogs
  2 scorpions
  A troll zombie (D:11)
  21 killer bees
  3 howler monkeys (D:10)
  6 electric eels
  A lava snake (Lair:5)
  3 bullfrog zombies
  A quasit (D:10)
  4 jellies
  A bullfrog skeleton (D:10)
  5 hounds
  5 orc priests
  13 orc wizards
  A centaur skeleton (D:6)
  Jessica (D:3)
  An iguana (D:9)
  Ijyb (D:3)
  4 hell rats (Lair:5)
  13 worker ants
  A killer bee zombie (D:10)
  6 ogre zombies (D:11)
  3 hound skeletons
  4 mummies
  A howler monkey skeleton (D:9)
  Robin (D:3)
  3 gnolls (D:9)
  21 adders
  2 white imps
  An ufetubus (D:5)
  An adder skeleton (D:4)
  2 worms
  A dart slug (D:1)
  5 leopard geckos
  36 orcs
  10 bats
  6 giant cockroaches
  15 goblins
  3 hobgoblins
  19 kobolds
  5 quokkas
  3 ball pythons
  3 frilled lizards (D:2)
  A gnoll skeleton (Ossuary)
  8 goblin skeletons
  4 goblin zombies
  4 hobgoblin skeletons
  8 hobgoblin zombies
  8 kobold skeletons (Ossuary)
  5 kobold zombies (Ossuary)
  8 orc skeletons
  22 orc zombies
  A quokka skeleton (D:8)
  6 rats
  3 rat skeletons (Ossuary)
  3 rat zombies (Ossuary)
522 creatures vanquished.

Vanquished Creatures (others)
  A worm (D:3)
  7 fungi
  9 plants
  2 toadstools (D:10)
19 creatures vanquished.

Grand Total: 541 creatures vanquished

Notes
Turn   | Place    | Note
-------+----------+-------------------------------------------
     0 | D:5      | robertstho the Kobold Delver began the quest for the Orb.
     0 | D:5      | Reached XP level 1. HP: 14/14 MP: 1/1
   247 | D:4      | Noticed a worker ant
   279 | D:3      | Noticed an orc priest
   413 | D:2      | Reached XP level 2. HP: 15/19 MP: 2/2
   438 | D:2      | Reached skill level 7 in Stealth
   722 | D:2      | Reached XP level 3. HP: 23/23 MP: 3/3
  1662 | D:2      | Found a shimmering altar of Xom.
  1663 | D:2      | Found a stormy altar of Qazlal.
  1747 | D:2      | Noticed Sigmund
  1751 | D:2      | Killed Sigmund
  1751 | D:2      | Reached skill level 8 in Stealth
  1751 | D:2      | Reached XP level 4. HP: 17/29 MP: 4/4
  1751 | D:2      | Reached XP level 5. HP: 19/33 MP: 5/5
  1751 | D:2      | Reached XP level 6. HP: 22/38 MP: 6/6
  2373 | D:3      | Reached skill level 1 in Armour
  2373 | D:3      | Reached skill level 9 in Stealth
  2495 | D:3      | Noticed Robin
  2801 | D:3      | Killed Robin
  2834 | D:3      | Noticed Ijyb
  2845 | D:3      | Killed Ijyb
  2888 | D:3      | Noticed Jessica
  2895 | D:3      | Killed Jessica
  3460 | D:3      | Noticed Grinder
  3462 | D:3      | Killed Grinder
  3462 | D:3      | Reached skill level 1 in Long Blades
  3462 | D:3      | Reached XP level 7. HP: 44/44 MP: 7/7
  3750 | D:4      | Reached XP level 8. HP: 48/48 MP: 8/8
  3852 | D:4      | Found Fyaroan's Distillery.
  3855 | D:4      | Bought a potion of heal wounds for 60 gold pieces
  3855 | D:4      | Bought a potion of curing for 36 gold pieces
  3855 | D:4      | Bought a potion of invisibility for 96 gold pieces
  3855 | D:4      | Bought a potion of ambrosia for 96 gold pieces
  3855 | D:4      | Bought a potion of curing for 36 gold pieces
  4053 | D:4      | Reached skill level 5 in Fighting
  4737 | D:5      | Reached skill level 10 in Stealth
  4841 | D:5      | Found a radiant altar of Vehumet.
  4938 | D:5      | Reached skill level 5 in Dodging
  5170 | D:5      | Noticed Pikel
  5192 | D:5      | Killed Pikel
  5192 | D:5      | Reached skill level 5 in Short Blades
  5192 | D:5      | Reached skill level 11 in Stealth
  5192 | D:5      | Reached XP level 9. HP: 48/55 MP: 9/9
  5335 | D:5      | Found a staircase to the Ecumenical Temple.
  5341 | Temple   | Entered the Ecumenical Temple
  5475 | Temple   | Became a worshipper of Dithmenos the Shadowed
  6015 | D:6      | Reached skill level 1 in Invocations
  6314 | D:6      | Found an iron altar of Okawaru.
  6314 | D:6      | Found a blossoming altar of Fedhas.
  7054 | D:6      | Found an opulent altar of Gozag.
  7261 | D:7      | Reached * piety under Dithmenos
  7446 | D:7      | Reached skill level 12 in Stealth
  7483 | D:7      | Reached XP level 10. HP: 61/61 MP: 11/11
  8089 | D:8      | Found a glowing golden altar of the Shining One.
  8390 | D:8      | Found a sand-covered staircase.
  8394 | Ossuary  | Entered an ossuary
  8417 | Ossuary  | Reached ** piety under Dithmenos
  8773 | Ossuary  | Reached *** piety under Dithmenos
  8825 | Ossuary  | Noticed Menkaure
  8834 | Ossuary  | Killed Menkaure
  8921 | D:8      | Identified a scroll of acquirement
  8922 | D:8      | Acquired 1180 gold pieces
  9795 | D:9      | Found a snail-covered altar of Cheibriados.
  9960 | D:9      | Reached **** piety under Dithmenos
 10071 | D:9      | Acquired the +9 crystal plate armour of Zoukejat {rF+ rC-
                  | Slay+2}
 10291 | D:9      | Reached skill level 13 in Stealth
 10366 | D:9      | Found Peir's Antique Armour Boutique.
 10371 | D:9      | Bought a shiny helmet for 255 gold pieces
 10562 | D:10     | Entered Level 10 of the Dungeon
 10628 | D:10     | Reached skill level 5 in Armour
 10763 | D:10     | Noticed an unseen horror
 10777 | D:10     | Reached XP level 11. HP: 58/67 MP: 14/14
 10778 | D:10     | Killed an unseen horror
 11236 | D:10     | Found a staircase to the Lair.
 12029 | D:10     | Found a shimmering altar of Xom.
 12030 | D:10     | Found a shimmering altar of Xom.
 12031 | D:10     | Found a shimmering altar of Xom.
 12031 | D:10     | Found a shimmering altar of Xom.
 12209 | D:11     | Noticed a two-headed ogre
 12227 | D:11     | Killed a two-headed ogre
 12227 | D:11     | Reached skill level 5 in Invocations
 12327 | D:11     | Upgraded the game from 0.26-a0-477-g38aef04 to
                  | 0.26-a0-489-g112e8ad
 12531 | D:11     | Noticed a cyan ugly thing
 12552 | D:11     | Killed a cyan ugly thing
 12743 | D:11     | Reached skill level 1 in Crossbows
 12800 | D:11     | Acquired 580 gold pieces
 13282 | D:11     | Reached ***** piety under Dithmenos
 13561 | D:11     | Found a sparkling altar of Nemelex Xobeh.
 13595 | D:11     | Found an opulent altar of Gozag.
 13605 | D:11     | Noticed an orc sorcerer
 13637 | D:11     | Noticed a sixfirhy
 13657 | D:11     | Killed an orc sorcerer
 13657 | D:11     | Reached XP level 12. HP: 26/75 MP: 16/16
 13993 | D:11     | Reached skill level 14 in Stealth
 14032 | D:11     | Found a staircase to the Orcish Mines.
 14275 | D:11     | Found Gozag's Platinum Reserve.
 14322 | D:11     | Reached skill level 5 in Crossbows
 14908 | Lair:1   | Entered Level 1 of the Lair of Beasts
 14936 | Lair:1   | You fall into a shaft and drop 1 floor!
 15361 | Lair:2   | Found a staircase to the Snake Pit.
 17012 | Lair:3   | Noticed Snorg
 17048 | Lair:3   | Killed Snorg
 17382 | Lair:3   | Noticed a five-headed hydra
 17393 | Lair:3   | Got an iridescent long sword
 17425 | Lair:3   | Killed a five-headed hydra
 17425 | Lair:3   | Reached XP level 13. HP: 52/81 MP: 17/17
 17567 | Lair:3   | Identified the +10 long sword "Ippyshao" {freeze, rF+ MR-
                  | Str+6} (You found it on level 3 of the Lair of Beasts)
 17876 | Lair:3   | Reached ****** piety under Dithmenos
 18528 | Lair:3   | Reached skill level 10 in Fighting
 18606 | Lair:3   | Noticed a seven-headed hydra
 18620 | Lair:3   | Killed a seven-headed hydra
 19029 | Lair:4   | Found a dark tunnel.
 19036 | Volcano  | Entered a volcano
 19094 | Volcano  | Found a bloodstained altar of Trog.
 19095 | Volcano  | Noticed a red draconian
 19161 | Volcano  | Killed a red draconian
 19797 | Lair:4   | Found a transporter.
 19798 | Lair:4   | Found a transporter.
 20021 | Lair:4   | Found a staircase to the Swamp.
 20485 | Lair:4   | Reached skill level 10 in Crossbows
 20886 | Lair:5   | Reached skill level 15 in Stealth
 20908 | Lair:5   | Reached XP level 14. HP: 31/88 MP: 19/19
 21453 | Lair:5   | Reached skill level 10 in Dodging
 21529 | Lair:5   | Noticed Urug
 21549 | Lair:5   | Killed Urug
 21852 | Lair:5   | Found a staircase to the Slime Pits.
 22361 | Lair:6   | Entered Level 6 of the Lair of Beasts
 23159 | Lair:6   | HP: 4/90 [death yak (14)]
 23160 | Lair:6   | Killed from afar by an electric eel

Illustrated notes

Levels and vault maps discovered:
D:1:      elethiomel_arrival_infinity_welcomes_careful_drivers, layout_rooms
D:2:      layout_loops_ring, gammafunk_temple_overflow_statue, uniq_sigmund
D:3:      layout_rooms, serial_curves, eino_curves_03, eino_curves_02,
          lemuel_old_faithful, uniq_grinder, uniq_robin, uniq_ijyb, uniq_jessica
D:4:      layout_loops_corners, serial_shops, kennysheep_mini
D:5:      layout_loops_ring, lemuel_doored_altar, minmay_temple_entry_mist,
          cheibrodos_sewer_entry_sluice, uniq_pikel
D:6:      layout_loops_corners, lemuel_coloured_pillars_altar,
          gammafunk_temple_overflow_pools, hangedman_decor_points
D:7:      layout_loops_ring, minmay_joined_circles
D:8:      layout_loops_ring, marbit_many_paths, nicolae_ossuary_entry_plus,
          serial_bayou, serial_bayou_shore_b, serial_bayou_lagoon_a,
          serial_bayou_lagoon_b, serial_bayou_pond_a
D:9:      layout_rooms, slow_altar_1, serial_shops, shop
D:10:     layout_cave_pods, erik_lair_orcish_takeover, minmay_gold_behind_fungi,
          xom_shifter_show
D:11:     kennysheep_spiral_hall, layout_small_grid, zombieorc2_lemuel,
          basic_altar, nicolae_gozag_zags_fifth_avenue
Temple:   jpeg_temple_clearing
Lair:1:   layout_cave_pods, basic_altar, serial_bayou_crossing,
          grunt_megastairs_5, uniq_maggie
Lair:2:   layout_roguey, minmay_snake_entry_six_corridors,
          minmay_lair_oklob_chamber
Lair:3:   layout_regular_city, serial_bayou_shore_a, uniq_snorg
Lair:4:   layout_regular_city, swamp_mist, nicolae_volcano_entry_lava_flow,
          gammafunk_ghost_hive
Lair:5:   layout_gridlike, dpeg_slime_entry_corner, uniq_urug
Lair:6:   due_jungle_book, layout_cave_pods, serial_bayou_lake_a,
          infiniplex_staircase_pool_2, grunt_megastairs_2

Skill      XL: |  1  2  3  4  5  6  7  8  9 10 11 12 13 14 |
---------------+-------------------------------------------+-----
Stealth        | 7 8 9 11 12 13 14 15 | 15.3
Short Blades   | 3 4 5 6 8 9 |  9.7
Fighting       | 4 5 6 7 8 9 10 11 | 11.2
Dodging        | 3 4 5 6 7 8 9 10 | 10.4
Armour         | 1 2 3 4 5 6 7 8 |  8.5
Long Blades    | 1 2 3 4 |  4.8
Invocations    | 2 4 5 6 7 |  7.8
Crossbows      | 4 8 10 | 10.7
Evocations     | |  0.1

Action                   |  1- 3 |  4- 6 |  7- 9 | 10-12 | 13-15 || total
-------------------------+-------+-------+-------+-------+-------++-------
Melee: Short sword       |    86 |    15 |       |       |       ||   101
       Falchion          |       |    43 |       |       |       ||    43
       Dagger            |       |    31 |   369 |   994 |   177 ||  1571
       Long sword        |       |       |       |       |   273 ||   273
 Fire: Hand crossbow     |       |       |       |   454 |   202 ||   656
Throw: Dart              |       |       |       |     5 |       ||     5
Evoke: Wand              |       |       |       |     2 |     3 ||     5
  Use: Scroll            |     4 |     4 |     5 |    12 |     3 ||    28
       Potion            |       |     3 |       |     6 |     3 ||    12
 Stab: Sleeping          |    16 |     6 |    19 |    10 |       ||    51
       Distracted        |       |     1 |     1 |       |       ||     2
Armor: Leather armour    |    21 |       |       |       |       ||    21
       Ring mail         |     1 |    10 |       |       |       ||    11
       Chain mail        |       |    36 |   147 |   118 |       ||   301
       Crystal plate arm |       |       |       |   833 |   570 ||  1403
Dodge: Dodged            |    70 |    66 |   126 |   347 |   250 ||   859
Block: Other             |       |       |     2 |   261 |   160 ||   423
       Reflection        |       |       |       |     2 |       ||     2
       Rpst.: Falchion   |       |    13 |       |       |       ||    13
       Long sword        |       |       |       |       |    44 ||    44

Table legend: (Time is in decaauts)
 A = Elapsed time spent in this place.
 B = Non-inter-level travel time spent in this place.
 C = Inter-level travel time spent in this place.
 D = Time resting spent in this place.
 E = Time spent auto-exploring this place.
 F = Levels seen in this place.
 G = Mean time per level.
                   A        B        C        D        E       F      G
               +--------+--------+--------+--------+--------+-----+--------+
         Total |  22789 |  21969 |    820 |   3195 |  14529 |  20 | 1139.4 |
       Dungeon |  13986 |  13311 |    675 |   1831 |   8931 |  11 | 1271.5 |
        Temple |    154 |    116 |     38 |      0 |    115 |   1 |  154.0 |
          Lair |   7641 |   7534 |    107 |   1143 |   5121 |   6 | 1273.5 |
       Ossuary |    461 |    461 |      0 |      0 |    215 |   1 |  461.0 |
       Volcano |    544 |    544 |      0 |    221 |    146 |   1 |  544.0 |
               +--------+--------+--------+--------+--------+-----+--------+

Top non-repeatable levels by time:
    D:11: 2666 daAuts
  Lair:3: 2204 daAuts
  Lair:2: 1877 daAuts
  Lair:5: 1725 daAuts
     D:2: 1622 daAuts
    D:10: 1536 daAuts
     D:4: 1349 daAuts
     D:6: 1310 daAuts
  Lair:4: 1237 daAuts
     D:8: 1217 daAuts
     D:5: 1033 daAuts
     D:3: 907 daAuts
     D:7: 822 daAuts
     D:9: 789 daAuts
     D:1: 732 daAuts
